[Event "Team 45 45 League T28"]
[Site "Internet Chess Club"]
[Date "2005.09.24"]
[Round "2"]
[White "PhD"]
[Black "DynamoKyiv"]
[Result "1-0"]
[WhiteElo "1667"]
[BlackElo "1572"]
[TimeControl "2700+45"]

1. e4 e5 2. Nf3 Nc6 3. Bb5 a6 4. Ba4 Nf6 5. O-O b5 6. Bb3 Bb7 7. Re1 Bc5 8. h3
d6 9. d3 O-O 10. c3 h6 11. Nbd2 Qd7 12. Nf1 Rfe8 13. Ng3 Ne7 14. Nh4 d5 15. d4
exd4 16. e5 Ne4 17. cxd4 Bb4 18. Rf1 Nxg3 19. fxg3 Rac8 20. a3 Ba5 21. Qf3 Qe6
22. a4 b4 23. Be3 c6 24. Rac1 Rf8 25. Nf5 Nxf5 26. Qxf5 Qxf5 27. Rxf5 Rce8 28.
Rc5 Bd8 29. Rf3 f6 30. exf6 Rxf6 31. Kf2 Ref8 32. Bd1 Bb6 33. Rc2 Re6 34. Rxf8+
Kxf8 35. Bg4 Rf6+ 36. Ke2 Bc7 37. Bf2 Bb6 38. Ke1 g6 39. Re2 Kf7 40. Bd7 Rd6 41.
Bg4 Rf6 42. Be3 h5 43. Bf3 Ke6 44. Bg5+ Kf5 45. Re5# {Black checkmated} 1-0

[Event "Team 45 45 League T28"]
[Site "Internet Chess Club"]
[Date "2005.09.25"]
[Round "2"]
[White "kutch"]
[Black "chicopee-ed"]
[Result "1-0"]
[WhiteElo "1439"]
[BlackElo "1516"]
[TimeControl "2700+45"]

1. e4 e6 2. d4 d5 3. Nc3 dxe4 4. Nxe4 Bd7 5. Nf3 Bc6 6. Bd3 Be7 7. O-O Nf6 8.
Nxf6+ Bxf6 9. c3 Nd7 10. Bf4 Nf8 11. Ne5 Qd5 12. Nxc6 Qxc6 13. Re1 Ng6 14. Be4
Qb6 15. Bc1 O-O 16. b4 c6 17. Bxg6 fxg6 18. Rxe6 Rfe8 19. Qe2 Kf7 20. Rxe8 Rxe8
21. Qc4+ Kf8 22. Be3 Qd8 23. Qc5+ Re7 24. Qxa7 Qd5 25. Qc5 Qxc5 26. bxc5 Ke8 27.
h3 Kd7 28. Re1 Bg5 29. Kf1 Bh6 30. Bxh6 Rxe1+ 31. Kxe1 gxh6 32. Ke2 Ke6 33. Ke3
Kd5 34. Kd3 h5 35. c4+ Ke6 36. Ke4 g5 37. d5+ cxd5+ 38. cxd5+ Kd7 39. Kf5 {Black
resigns} 1-0

[Event "Team 45 45 League T28"]
[Site "Internet Chess Club"]
[Date "2005.09.23"]
[Round "2"]
[White "Pawndemonium"]
[Black "isolani"]
[Result "0-1"]
[WhiteElo "1548"]
[BlackElo "1440"]
[TimeControl "2700+45"]

1. Nf3 Nf6 2. g3 d6 3. Bg2 e5 4. d3 Be7 5. O-O O-O 6. e4 Nbd7 7. c3 Re8 8. Be3
Ng4 9. Nbd2 Nxe3 10. fxe3 Nc5 11. d4 exd4 12. exd4 Ne6 13. Qb3 Rb8 14. Kh1 b5
15. Rf2 a5 16. Raf1 a4 17. Qc2 Bf6 18. e5 dxe5 19. Nxe5 Bb7 20. Ng4 Bxg2+ 21.
Kxg2 Qd5+ 22. Kg1 Ng5 23. h3 Nxh3+ 24. Kh2 Nxf2 25. Rxf2 Qh5+ 26. Kg2 Qxg4 27.
Nf3 h5 28. Kh2 h4 29. gxh4 Bxh4 30. Nxh4 Qxh4+ 31. Kg2 Re1 32. Qf5 Qh1+ 33. Kg3
Rg1+ 34. Kf4 Qh4+ 35. Ke3 Re8+ 36. Kd2 Qh6+ 37. Rf4 Qe6 38. Qxe6 Rxe6 39. b3
Rg2+ 40. Kd3 Rxa2 41. bxa4 bxa4 42. d5 Rd6 43. c4 a3 44. Kc3 Re2 45. Rf1 a2 46.
Ra1 g5 47. Kb3 g4 48. Kb4 f5 49. c5 Rxd5 50. Kb5 Rc2 {White resigns} 0-1

[Event "Team 45 45 League T28"]
[Site "Internet Chess Club"]
[Date "2005.09.26"]
[Round "2"]
[White "Nelsi"]
[Black "Gregorio"]
[Result "1/2-1/2"]
[WhiteElo "2059"]
[BlackElo "2167"]
[TimeControl "2700+45"]

1. e4 e5 2. Nf3 Nc6 3. c3 d5 4. Bb5 Bg4 5. Qa4 Ne7 6. Nxe5 Bd7 7. Nxd7 Qxd7 8.
exd5 Qxd5 9. O-O h5 10. Re1 O-O-O 11. d4 a6 12. Bf1 g5 13. b4 Nb8 14. Nd2 Ng6
15. b5 axb5 16. Qxb5 Qxb5 17. Bxb5 Nf4 18. Ne4 Bh6 19. Bxf4 gxf4 20. Nd2 c6 21.
Bc4 f6 22. Re7 Nd7 23. Be6 Kc7 24. Ne4 Rhe8 25. Rxe8 Rxe8 26. Bf5 Bg7 27. f3 Nb6
28. Rb1 Na4 29. Rxb7+ Kxb7 30. Nd6+ Kb6 31. Nxe8 Bh8 32. c4 Nc3 33. Kf2 Nxa2 34.
g3 fxg3+ 35. Kxg3 Nc3 36. Kh4 Ne2 37. d5 Nd4 38. Bd7 cxd5 39. cxd5 Nxf3+ 40.
Kxh5 Nxh2 41. Kg6 f5 42. Kxf5 Kc5 43. d6 Nf3 44. Ke6 Ng5+ 45. Ke7 Ne4 46. Bf5
Nxd6 47. Nxd6 Kb4 48. Ke6 Kc5 49. Nf7 {Game drawn by mutual agreement} 1/2-1/2

[Event "Team 45 45 League T28"]
[Site "Internet Chess Club"]
[Date "2005.09.25"]
[Round "2"]
[White "gracey"]
[Black "elnik"]
[Result "0-1"]
[WhiteElo "2072"]
[BlackElo "1959"]
[TimeControl "2700+45"]

1. Nf3 Nf6 2. g3 g6 3. Bg2 Bg7 4. O-O O-O 5. d3 d6 6. e4 e5 7. Nc3 Nc6 8. Be3
Ng4 9. Bc1 f5 10. Qe2 Nf6 11. Kh1 a6 12. b3 Qe8 13. Qe3 Nh5 14. Bh3 f4 15. gxf4
Bxh3 16. Rg1 exf4 17. Qd2 Ne5 18. Nxe5 Qxe5 19. Bb2 Qe6 20. f3 Bd4 21. Rge1 Qe5
22. Rab1 b5 23. a4 bxa4 24. Nxa4 Bxb2 25. Nxb2 Nf6 26. d4 Qg5 27. Ra1 Nd7 28.
Ra5 Qf6 29. e5 dxe5 30. dxe5 Qc6 31. Qd5+ Qxd5 32. Rxd5 Be6 33. Rd4 Rab8 34. Kg2
Rb5 35. Nd3 g5 36. h4 h6 37. hxg5 hxg5 38. b4 a5 39. bxa5 Rxa5 40. Kf2 Rfa8 41.
Rg1 Ra4 42. Rxg5+ Kf7 43. Nb4 R8a5 44. Rxf4+ Ke8 45. Rh5 Nxe5 46. Re4 Rxb4 47.
Rh8+ Kd7 48. Rxb4 Ra2 49. Rd4+ Kc6 50. Re8 Rxc2+ 51. Kg3 Kc5 52. Rd1 Rc3 53.
Rxe6 Nxf3 54. Kf4 Nd4 55. Re2 {White resigns} 0-1

[Event "Team 45 45 League T28"]
[Site "Internet Chess Club"]
[Date "2005.09.25"]
[Round "2"]
[White "nightly"]
[Black "azbycx"]
[Result "1-0"]
[WhiteElo "1855"]
[BlackElo "1773"]
[TimeControl "2700+45"]

1. d4 Nf6 2. Bg5 c5 3. Bxf6 gxf6 4. d5 Qb6 5. Qc1 f5 6. g3 Bg7 7. c3 e6 8. Bg2
d6 9. Nd2 exd5 10. Bxd5 Be6 11. Nc4 Qc7 12. Bxb7 Bxc4 13. Bxa8 Nc6 14. Qe3+ Be6
15. Bxc6+ Qxc6 16. Nf3 O-O 17. O-O Re8 18. Qd2 Bc4 19. Rfe1 Re6 20. b3 Ba6 21.
Rad1 Bb7 22. c4 Qe4 23. h3 Bh6 24. Qd3 Qxd3 25. Rxd3 Be4 26. Rdd1 Bc2 27. e3
Bxd1 28. Rxd1 Kg7 29. Nh4 Kf6 30. Rd5 Bf8 31. Rxf5+ Ke7 32. Rh5 h6 33. Rd5 Kd7
34. Nf5 Re5 35. f4 Rxd5 36. cxd5 a5 37. Kf2 Kc7 38. Ke2 a4 39. Kd3 Kb6 40. Kc4
axb3 41. axb3 Ka5 42. g4 Kb6 43. h4 f6 44. g5 {Black resigns} 1-0

[Event "Team 45 45 League T28"]
[Site "Internet Chess Club"]
[Date "2005.09.23"]
[Round "2"]
[White "miam-miam"]
[Black "Burning-Bush"]
[Result "1/2-1/2"]
[WhiteElo "1982"]
[BlackElo "2115"]
[TimeControl "2700+45"]

1. e4 c6 2. c4 d5 3. cxd5 cxd5 4. exd5 Qxd5 5. Nc3 Qa5 6. d4 Nf6 7. Nf3 Bg4 8.
h3 Bh5 9. g4 Bg6 10. Bg2 Nbd7 11. O-O e6 12. Re1 Bb4 13. Bd2 O-O 14. Ne5 Rad8
15. Nxg6 hxg6 16. Bxb7 Qb6 17. Bg2 Qxd4 18. Be3 Qxd1 19. Rexd1 Bc5 {Game drawn
by mutual agreement} 1/2-1/2

[Event "Team 45 45 League T28"]
[Site "Internet Chess Club"]
[Date "2005.09.24"]
[Round "2"]
[White "matman"]
[Black "gule"]
[Result "0-1"]
[WhiteElo "1938"]
[BlackElo "1902"]
[TimeControl "2700+45"]

1. e4 c5 2. Nf3 d6 3. d4 cxd4 4. Nxd4 Nf6 5. Nc3 a6 6. Be2 e6 7. O-O Be7 8. f4
Qc7 9. a4 b6 10. Bf3 Bb7 11. Kh1 Nbd7 12. Be3 O-O 13. Nb3 Rac8 14. Bf2 Rfd8 15.
Qe2 Qc4 16. Qxc4 Rxc4 17. Rfe1 Rc7 18. Rad1 Rdc8 19. Rd2 b5 20. axb5 axb5 21.
Ree2 Ba6 22. Nd4 b4 {White resigns} 0-1

[Event "Team 45 45 League T28"]
[Site "Internet Chess Club"]
[Date "2005.09.24"]
[Round "2"]
[White "PaulKaspar"]
[Black "Div-anand"]
[Result "1-0"]
[WhiteElo "1898"]
[BlackElo "1873"]
[TimeControl "2700+45"]

1. e4 e5 2. Nf3 Nc6 3. Bb5 a6 4. Ba4 Nf6 5. c3 b5 6. Bc2 d6 7. d4 Bg4 8. d5 Nb8
9. h3 Bh5 10. O-O Be7 11. Be3 Nbd7 12. Nbd2 O-O 13. c4 Ne8 14. cxb5 axb5 15. Bd3
Bxf3 16. Nxf3 Rb8 17. Qe2 b4 18. Rfc1 f5 19. exf5 Nef6 20. Ng5 Nxd5 21. Ne6 Qe8
22. Nxf8 Qxf8 23. Bc4 c6 24. Bxd5+ cxd5 25. g4 d4 26. Qc4+ Kh8 27. Bd2 Nc5 28.
b3 h5 29. f3 hxg4 30. fxg4 e4 31. Rab1 Qf6 32. Be1 Qg5 33. Qxd4 Nd3 34. Rc2 d5
35. Bf2 Nf4 36. Qe5 Rf8 37. Be3 Nxh3+ 38. Kh2 Qxe3 39. Qxe7 Nf4 40. Qxf8+ Kh7
41. Rh1 Nh3 42. Qf7 Nf4 43. f6 Ne6 44. Kg2+ {Black resigns} 1-0

[Event "Team 45 45 League T28"]
[Site "Internet Chess Club"]
[Date "2005.09.24"]
[Round "2"]
[White "Zornorph"]
[Black "Boromir"]
[Result "1-0"]
[WhiteElo "1972"]
[BlackElo "1847"]
[TimeControl "2700+45"]

1. d4 Nf6 2. Nf3 e6 3. e3 c5 4. Bd3 b6 5. O-O Bb7 6. Ne5 d6 7. Bb5+ Nbd7 8. Nxd7
Nxd7 9. c4 Be7 10. Nc3 a6 11. Ba4 O-O 12. d5 Nf6 13. e4 Bc8 14. Qd3 Bd7 15. Bc2
e5 16. f4 Ne8 17. Bd2 f6 18. f5 Nc7 19. Qg3 Kf7 20. Qh3 Rh8 21. Bd1 Bf8 22. Qh5+
Ke7 23. g4 b5 24. b3 Qe8 25. Qh4 b4 26. Ne2 Qf7 27. g5 h6 28. Ng3 Qg8 29. gxf6+
gxf6 30. Kh1 Be8 31. Rg1 Qh7 32. Bh5 Bg7 33. Rg2 Bf7 34. Rag1 Rag8 35. Bg6 Bxg6
36. fxg6 Qxg6 37. Nf5+ {Black resigns} 1-0

[Event "Team 45 45 League T28"]
[Site "Internet Chess Club"]
[Date "2005.09.22"]
[Round "2"]
[White "chsrules88"]
[Black "Knight77"]
[Result "0-1"]
[WhiteElo "1810"]
[BlackElo "1862"]
[TimeControl "2700+45"]

1. e4 e6 2. d4 d5 3. exd5 exd5 4. Nf3 Nf6 5. Bg5 Be7 6. Nbd2 O-O 7. Bd3 c5 8. c3
Nc6 9. O-O cxd4 10. Nxd4 h6 11. Bh4 Re8 12. Re1 Bg4 13. Qb3 Qd7 14. Bb5 a6 15.
Bxc6 bxc6 16. Qa4 c5 17. Qxd7 Bxd7 18. N4f3 Rab8 19. Bxf6 Bxf6 20. Rxe8+ Rxe8
21. Nb3 Rc8 22. Rd1 Be6 23. Kf1 c4 24. Nbd4 Rb8 25. Rd2 Kf8 26. Ke1 Bg4 27. h3
Bxf3 28. Nxf3 Rxb2 29. Rxb2 Bxc3+ 30. Kd1 Bxb2 31. Kc2 Bf6 32. Nh2 Ke7 33. Ng4
h5 34. Ne3 Ke6 35. f3 Bd4 36. Nf1 Be5 37. Kd2 d4 38. g3 g5 39. Ke2 f5 40. Nd2
Kd5 41. g4 hxg4 42. hxg4 Bf4 43. Nb1 fxg4 44. fxg4 Ke4 45. Na3 d3+ 46. Kd1 Kd4
47. Nb1 c3 48. Nxc3 Kxc3 49. a3 Kb3 50. a4 Kxa4 51. Ke1 Kb3 52. Kd1 a5 53. Ke1
a4 54. Kf2 a3 55. Kf3 d2 56. Ke2 Kc2 57. Kf2 d1=Q 58. Kg2 Qxg4+ 59. Kf1 Qf3+ 60.
Kg1 Be3+ 61. Kh2 Qg4 62. Kh1 Qg1# {White checkmated} 0-1

[Event "Team 45 45 League T28"]
[Site "Internet Chess Club"]
[Date "2005.09.26"]
[Round "2"]
[White "tgralex"]
[Black "Zarek"]
[Result "0-1"]
[WhiteElo "1796"]
[BlackElo "1845"]
[TimeControl "2700+45"]

1. e4 c5 2. Nf3 Nc6 3. d4 cxd4 4. Nxd4 Nf6 5. Nc3 d6 6. Be3 Ng4 7. Bg5 h6 8. Bh4
g5 9. Bg3 Bg7 10. Bb5 Bd7 11. Nxc6 bxc6 12. Bxc6 Bxc3+ 13. bxc3 Bxc6 14. Qxg4
Qa5 15. O-O h5 16. Qh3 Bd7 {White resigns} 0-1

[Event "Team 45 45 League T28"]
[Site "Internet Chess Club"]
[Date "2005.09.24"]
[Round "2"]
[White "mickeys"]
[Black "dougmo"]
[Result "1-0"]
[WhiteElo "1688"]
[BlackElo "1477"]
[TimeControl "2700+45"]

1. d4 e6 2. g3 Nf6 3. Bg2 d5 4. Nd2 c5 5. Ngf3 Nc6 6. dxc5 Bxc5 7. O-O O-O 8.
Nb3 Bd6 9. c3 h6 10. Nfd2 Qc7 11. e4 dxe4 12. Nxe4 Nxe4 13. Bxe4 f5 14. Bg2 Rf6
15. f4 e5 16. fxe5 Nxe5 17. Nd4 Bd7 18. Qb3+ Kh8 19. Qxb7 Qxb7 20. Bxb7 Rb8 21.
Bd5 Nd3 22. b3 f4 23. Bxf4 Nxf4 24. gxf4 Bxf4 25. Rad1 Bh3 26. Rfe1 Rd8 27. c4
Rg6+ 28. Kh1 Rxd5 29. cxd5 Bg2+ 30. Kg1 Bxd5+ 31. Kf1 Bxh2 32. Re7 Rg1+ 33. Ke2
Rg2+ 34. Kd3 Rxa2 35. Kc3 a5 36. Nc2 Bf3 37. Rd3 Bc6 38. Nd4 Bh1 39. Nf5 a4 40.
Rd8+ {Black resigns} 1-0

[Event "Team 45 45 League T28"]
[Site "Internet Chess Club"]
[Date "2005.09.25"]
[Round "2"]
[White "chessateer"]
[Black "nightly"]
[Result "0-1"]
[WhiteElo "1816"]
[BlackElo "1842"]
[TimeControl "2700+45"]

1. e4 c5 2. Nc3 g6 3. f4 Nc6 4. Bb5 Bg7 5. Nf3 Nd4 6. Bc4 d6 7. Nxd4 cxd4 8. Ne2
Nf6 9. d3 d5 10. Bb5+ Nd7 11. Bd2 Qb6 12. Ba4 dxe4 13. dxe4 O-O 14. Bb3 Nc5 15.
Ng3 h5 16. e5 Bg4 17. Ne2 d3 18. cxd3 Nxd3+ 19. Kf1 Qf2# {White checkmated} 0-1

[Event "Team 45 45 League T28"]
[Site "Internet Chess Club"]
[Date "2005.09.25"]
[Round "2"]
[White "Rlopez"]
[Black "room-matt"]
[Result "0-1"]
[WhiteElo "1740"]
[BlackElo "1843"]
[TimeControl "2700+45"]

1. d4 Nf6 2. Nf3 e6 3. c4 Bb4+ 4. Nc3 c5 5. a3 cxd4 6. axb4 dxc3 7. bxc3 Qc7 8.
e3 d6 9. Nd4 Bd7 10. Bd3 e5 11. Nc2 e4 12. Be2 Be6 13. Na3 d5 14. Nb5 Qd7 15. c5
O-O 16. Nd6 Nc6 17. b5 Ne5 18. Bb2 Ne8 19. Nxe8 Rfxe8 20. O-O f6 21. Qd4 Qc7 22.
Rfd1 Bf7 23. Ba3 Red8 24. Bb4 Re8 25. Ba5 Qe7 26. Bb4 Qd7 27. Ra4 Qf5 28. Ba3
Ng4 29. Bxg4 Qxg4 30. f4 h5 31. Rf1 h4 32. Qd1 Qe6 33. h3 a6 34. b6 Rad8 35. Rd4
g5 36. fxg5 fxg5 37. Rf2 Rd7 38. Rfd2 Red8 39. Rf2 Qe5 40. Qf1 Be6 41. Rf6 Kg7
42. Rf2 Qg3 43. Kh1 g4 44. hxg4 Bxg4 45. Qg1 h3 46. gxh3 Bf3+ 47. Rxf3 Qxg1+ 48.
Kxg1 exf3 49. Kf2 Rf7 50. c4 Rf5 51. Rg4+ Kf6 52. Rg3 dxc4 53. Bb2+ Ke6 54. Bd4
Rdf8 55. Rg7 R5f7 56. Rxf7 Rxf7 57. e4 a5 58. h4 a4 59. h5 Kd7 60. h6 Rh7 61.
Bg7 a3 62. Kxf3 a2 63. Bd4 Rxh6 64. Kf4 Kc6 65. Kf5 Rh1 66. e5 a1=Q 67. Bxa1
Rxa1 68. e6 Re1 69. Kf6 {White resigns} 0-1

[Event "Team 45 45 League T28"]
[Site "Internet Chess Club"]
[Date "2005.09.26"]
[Round "2"]
[White "cayo89"]
[Black "chivo"]
[Result "1-0"]
[WhiteElo "1729"]
[BlackElo "1657"]
[TimeControl "2700+45"]

1. e4 c5 2. d4 cxd4 3. c3 dxc3 4. Nxc3 e6 5. Nf3 Bb4 6. Qd4 Bxc3+ 7. bxc3 f6 8.
Ba3 Nc6 9. Qd2 Nge7 10. Bc4 Na5 11. Be2 d5 12. Rd1 Kf7 13. Bxe7 Kxe7 14. exd5
Qxd5 15. Qe3 Nc4 16. Qf4 e5 17. Qxc4 Qxc4 18. Bxc4 Be6 19. Bxe6 Kxe6 20. O-O
Rhc8 21. Rd3 Rd8 22. Rfd1 Rxd3 23. Rxd3 e4 24. Re3 f5 25. Nd4+ Ke5 26. f3 Rc8
27. fxe4 fxe4 28. Kf2 Rc4 29. Ne2 Ra4 30. Nc1 h5 31. Rg3 Kf6 32. Ke3 g5 33. Kd2
h4 34. Re3 g4 35. Kc2 Kf5 36. Kb3 Ra6 37. Ne2 Rb6+ 38. Kc2 Ra6 39. Nc1 Kf4 40.
Re2 e3 41. Nd3+ Kf5 42. Rxe3 Rxa2+ 43. Nb2 Ra1 44. h3 Kf4 45. Rd3 gxh3 46. gxh3
Rg1 47. Rd4+ Kg5 48. Nd3 Rh1 49. Nf4 Rf1 50. Ne6+ Kf5 51. Nd8 Rf4 52. Nxb7 Rxd4
53. cxd4 Kf4 54. Kc3 Kg3 55. d5 Kxh3 56. d6 Kg2 57. d7 h3 58. d8=Q h2 59. Qg5+
Kf1 60. Qh4 Kg2 61. Qg4+ Kf1 62. Qh3+ Kg1 63. Qg3+ Kh1 64. Kd2 a5 65. Ke2 {Black
resigns} 1-0

[Event "Team 45 45 League T28"]
[Site "Internet Chess Club"]
[Date "2005.09.27"]
[Round "2"]
[White "nanning"]
[Black "clarinetref"]
[Result "1-0"]
[WhiteElo "1626"]
[BlackElo "1516"]
[TimeControl "2700+45"]

1. e4 c5 2. Nf3 Nc6 3. d4 cxd4 4. Nxd4 g6 5. c4 Bg7 6. Be3 Nf6 7. Nc3 d6 8. Be2
O-O 9. O-O Nxd4 10. Bxd4 a6 11. Qb3 Rb8 12. Ba7 Ra8 13. Bb6 Qe8 14. f3 Nd7 15.
Nd5 Nxb6 16. Qxb6 Qd8 17. Qxd8 Rxd8 18. Nxe7+ Kf8 19. Nxc8 Raxc8 20. Rab1 Re8
21. Rfd1 Rcd8 22. a4 f5 23. Bd3 fxe4 24. Bxe4 Re7 25. b4 b6 26. c5 bxc5 27. bxc5
Be5 28. c6 Rc7 29. Bd5 Ke7 30. g3 g5 31. Kg2 h6 32. Kh3 Kf6 33. Rb6 Ra8 34. Kg4
Kg6 35. Be4+ Kg7 36. f4 gxf4 37. gxf4 Bc3 38. Rxd6 Ba5 39. Rb7 Rc8 40. Rg6+ Kf8
41. Rxh6 Rg7+ 42. Rxg7 Kxg7 43. Rg6+ Kf7 44. h4 Re8 45. Bf5 Bc3 46. c7 {Black
resigns} 1-0

[Event "Team 45 45 League T28"]
[Site "Internet Chess Club"]
[Date "2005.09.25"]
[Round "2"]
[White "sebanma"]
[Black "Zillmer"]
[Result "1-0"]
[WhiteElo "2178"]
[BlackElo "2093"]
[TimeControl "2700+45"]

1. d4 g6 2. c4 Bg7 3. Nc3 d6 4. e4 Nc6 5. d5 Nd4 6. Nge2 c5 7. Nxd4 Bxd4 8. Be2
Bd7 9. O-O Nf6 10. Bh6 Bxc3 11. bxc3 Nxe4 12. Bf3 Nf6 13. Re1 e5 14. dxe6 Bxe6
15. Bxb7 Rb8 16. Bc6+ Ke7 17. Qf3 {Black resigns} 1-0

[Event "Team 45 45 League T28"]
[Site "Internet Chess Club"]
[Date "2005.09.25"]
[Round "2"]
[White "Sergio56"]
[Black "billarvola"]
[Result "1/2-1/2"]
[WhiteElo "1909"]
[BlackElo "1990"]
[TimeControl "2700+45"]

1. e4 e6 2. Nf3 d5 3. e5 c5 4. b4 cxb4 5. d4 Nc6 6. a3 Bd7 7. axb4 Nxb4 8. c3
Nc6 9. Bd3 f5 10. h3 h5 11. Na3 a6 12. Ng5 g6 13. f3 Be7 14. h4 Nh6 15. g3 Nf7
16. Nxf7 Kxf7 17. f4 b5 18. Nc2 Qb6 19. Be2 Na5 20. Ba3 Bc6 21. Qb1 Nc4 22. Bxe7
Kxe7 23. Bxc4 dxc4 24. Rh2 Be4 25. Qb4+ Kf7 26. Ne3 Qc6 27. Rha2 Ra7 28. Ra5
Rha8 29. Qb2 Bh1 30. Qe2 Be4 31. Kd2 Bd5 {Game drawn by mutual agreement}
1/2-1/2

[Event "Team 45 45 League T28"]
[Site "Internet Chess Club"]
[Date "2005.09.24"]
[Round "2"]
[White "vvsi"]
[Black "Egmont"]
[Result "1/2-1/2"]
[WhiteElo "1858"]
[BlackElo "1707"]
[TimeControl "2700+45"]

1. e4 c5 2. c3 d5 3. exd5 Qxd5 4. d4 Nf6 5. Nf3 Bg4 6. Qa4+ Nbd7 7. Bc4 Qe4+ 8.
Be3 Bxf3 9. gxf3 Qxf3 10. Rg1 cxd4 11. cxd4 g6 12. Qb3 e6 13. Nc3 Bg7 14. d5 e5
15. Rg3 Qh1+ 16. Bf1 Ne4 17. Nxe4 Qxe4 18. Bg2 Qh4 19. O-O-O Rc8+ 20. Kb1 Qc4
21. Qxc4 Rxc4 22. d6 b6 23. Bf1 Rc8 24. Bb5 Rd8 25. Rc1 O-O 26. Rc7 Nf6 27. Bg5
Rxd6 28. Rxa7 Ne4 29. Be7 Rd1+ 30. Kc2 Rd2+ 31. Kb3 Nxg3 32. Bxf8 Bxf8 33. fxg3
Rxh2 34. Bc4 Rf2 35. Bd5 Kg7 36. Kc3 Bc5 37. b3 Bd4+ 38. Kd3 h5 39. a4 b5 40.
Rb7 bxa4 41. bxa4 Rf1 42. a5 Ra1 43. Rxf7+ Kh6 44. Rf3 Rxa5 45. Be6 Ra3+ 46. Ke4
Rxf3 47. Kxf3 Kg5 48. Bd7 Kf6 49. Be8 Kf5 50. Bd7+ Kg5 51. Be6 Bc3 52. Bd7 Be1
53. Bh3 Bxg3 54. Kxg3 e4 55. Bf1 h4+ 56. Kh3 Kf4 57. Kxh4 g5+ 58. Kh3 g4+ 59.
Kg2 e3 60. Be2 Kg5 61. Kg3 Kf5 62. Bxg4+ Ke4 63. Be2 {Game drawn by mutual
agreement} 1/2-1/2

[Event "Team 45 45 League T28"]
[Site "Internet Chess Club"]
[Date "2005.09.24"]
[Round "2"]
[White "chinta"]
[Black "kabindra"]
[Result "1/2-1/2"]
[WhiteElo "1664"]
[BlackElo "1870"]
[TimeControl "2700+45"]

1. e4 e5 2. Nf3 Nc6 3. Bc4 Bc5 4. Qe2 Nf6 5. Ng5 O-O 6. Nxf7 Rxf7 7. Bxf7+ Kxf7
8. Qc4+ d5 9. Qxc5 Nxe4 10. Qe3 Nd4 11. Na3 Bf5 12. c3 Nc6 13. Qf3 Qf6 14. d3
Nd6 15. Qxd5+ Be6 16. Qf3 Qxf3 17. gxf3 Bd5 18. Ke2 Re8 19. Be3 b5 20. Nc2 a5
21. Kd2 Bxf3 22. Rhg1 Rd8 23. Ne1 Bh5 24. Kc2 Bg6 25. Rd1 b4 26. Rg3 bxc3 27.
bxc3 Kg8 28. Ng2 Bf7 29. a3 a4 30. Rg1 Nb5 31. Bc5 Rd5 32. Bb4 Nxb4+ 33. axb4
Rd7 34. Nh4 Bb3+ 35. Kb2 e4 36. d4 Be6 37. Re3 Rf7 38. f3 Bd5 39. Rg5 c6 40. Nf5
a3+ 41. Ka1 Kf8 42. fxe4 Bc4 43. Ng3 Rf2 44. Rf5+ Rxf5 45. Nxf5 g6 46. Ng3 Kf7
47. e5 Ke6 48. Ne4 Nc7 49. Nd2 Ba6 50. Ka2 Nb5 51. Nb3 Bc8 52. c4 Nc7 53. Kxa3
Kf5 54. Nc5 Kf4 55. Re4+ Kf5 56. e6 Nxe6 57. Rxe6 Bxe6 58. Nxe6 Kxe6 59. Ka4 h5
60. Ka5 g5 61. Ka6 h4 62. d5+ cxd5 63. cxd5+ Kxd5 64. b5 g4 65. b6 g3 66. hxg3
hxg3 67. b7 g2 68. b8=Q g1=Q 69. Qb7+ Ke5 70. Qc7+ Ke4 71. Qe7+ Kf3 72. Qf6+ Ke2
73. Qb2+ Kf1 {Game drawn by mutual agreement} 1/2-1/2

[Event "Team 45 45 League T28"]
[Site "Internet Chess Club"]
[Date "2005.09.25"]
[Round "2"]
[White "akdog3"]
[Black "hattrick"]
[Result "1-0"]
[WhiteElo "2184"]
[BlackElo "2141"]
[TimeControl "2700+45"]

1. Nf3 Nf6 2. d4 g6 3. Bg5 Bg7 4. Nbd2 d6 5. c3 O-O 6. e4 c5 7. dxc5 dxc5 8. Bc4
Nc6 9. O-O h6 10. Bh4 Bg4 11. Qc2 g5 12. Bg3 Nh5 13. a4 Nxg3 14. hxg3 Qc7 15.
Nh2 Bd7 16. f4 Na5 17. Be2 c4 18. Kh1 Rad8 19. e5 Qc8 20. fxg5 hxg5 21. Qe4 Bc6
22. Qe3 Qh3 23. Rf2 Rxd2 24. Qxd2 Nb3 25. Qxg5 Nxa1 26. Bxc4 e6 27. Kg1 Qh6 28.
Qe7 Qc1+ 29. Bf1 Bxe5 30. Ng4 Bg7 31. Nf6+ Bxf6 32. Qxf6 Qe3 33. Kh2 Qe4 34. Rf4
Qh7+ 35. Kg1 Qg6 36. Qd4 f5 37. Rh4 Qxg3 38. Rh8+ Kf7 39. Rh7+ Kg8 40. Qh8#
{Black checkmated} 1-0

[Event "Team 45 45 League T28"]
[Site "Internet Chess Club"]
[Date "2005.09.24"]
[Round "2"]
[White "andy4226uk"]
[Black "DeLaSalle"]
[Result "0-1"]
[WhiteElo "1774"]
[BlackElo "2044"]
[TimeControl "2700+45"]

1. e4 d5 2. exd5 Nf6 3. d4 Bg4 4. f3 Bf5 5. Bd3 Bxd3 6. Qxd3 Nxd5 7. c3 Qd7 8.
Ne2 e6 9. Nf4 Bd6 10. Nxd5 exd5 11. O-O O-O 12. b3 Re8 13. Na3 c6 14. Nc2 Qc7
15. f4 Nd7 16. g3 Re4 17. Ba3 Bxa3 18. Nxa3 Rae8 19. Nc2 Nf6 20. Rfe1 R8e6 21.
Rxe4 Rxe4 22. Re1 Qe7 23. Rxe4 Qxe4 24. Qxe4 Nxe4 25. c4 f5 26. cxd5 cxd5 27.
Ne3 Nc3 28. Nxd5 Nxd5 29. Kf2 Kf7 30. Kf3 Ke6 31. h3 Nc3 32. a3 Kd5 33. g4 fxg4+
34. hxg4 Kxd4 35. f5 Ke5 36. b4 Nb1 37. a4 Nc3 38. a5 a6 39. Kg3 Nd5 40. Kh4
Nxb4 41. g5 {White resigns} 0-1

[Event "Team 45 45 League T28"]
[Site "Internet Chess Club"]
[Date "2005.09.24"]
[Round "2"]
[White "az2112"]
[Black "orkid"]
[Result "0-1"]
[WhiteElo "1662"]
[BlackElo "1783"]
[TimeControl "2700+45"]

1. d4 d5 2. c4 e6 3. Nc3 c6 4. Nf3 Nd7 5. Bf4 Ngf6 6. h3 Qa5 7. e3 Bb4 8. Qc2
Ne4 9. Rc1 Ndf6 10. Bd3 Nxc3 11. bxc3 Ba3 12. Rb1 dxc4 13. Bxc4 Nd5 14. O-O Nxf4
15. exf4 O-O 16. Ng5 g6 17. Rfe1 Be7 18. Nf3 Bf6 19. Ne5 Qc7 20. Bd3 c5 21. dxc5
Qxc5 22. Rb5 Qc7 23. Be4 a6 24. Rbb1 Rb8 25. Rbd1 b5 26. Re3 Bxe5 27. fxe5 Bb7
28. Rd4 Rfd8 29. Bxb7 Rxd4 {White resigns} 0-1

[Event "Team 45 45 League T28"]
[Site "Internet Chess Club"]
[Date "2005.09.24"]
[Round "2"]
[White "Lyko"]
[Black "pokerram"]
[Result "0-1"]
[WhiteElo "1501"]
[BlackElo "1604"]
[TimeControl "2700+45"]

1. e4 c5 2. c3 Nf6 3. e5 Nd5 4. d4 cxd4 5. cxd4 e6 6. f4 d6 7. Nf3 Bd7 8. Bd3
Nc6 9. O-O Be7 10. Nc3 Ncb4 11. Be4 Nxc3 12. bxc3 d5 13. Bb1 Na6 14. Ng5 Bxg5
15. fxg5 g6 16. Qf3 O-O 17. h4 Qa5 18. h5 Be8 19. h6 f6 20. gxf6 Bf7 21. Bd2 Nc7
22. Qe2 Nb5 23. Rc1 Rac8 24. Qe1 Qb6 25. Bd3 Na3 26. c4 Nxc4 27. Bxc4 Rxc4 28.
Rxc4 dxc4 29. Be3 Qc6 30. Rc1 Qd5 31. Qb4 b5 32. Qe7 a5 33. Qa7 b4 34. Qc5 c3
35. Qxd5 exd5 36. a3 Rc8 37. axb4 axb4 38. Ra1 b3 39. Rc1 c2 40. Re1 b2 41. Bd2
b1=Q 42. e6 Bxe6 43. Bc1 Qb6 44. Rf1 Kf7 45. Rf4 Rc4 46. g4 Rxd4 {White resigns}
0-1

[Event "Team 45 45 League T28"]
[Site "Internet Chess Club"]
[Date "2005.09.25"]
[Round "2"]
[White "AVEMARIA"]
[Black "UneasyKing"]
[Result "0-1"]
[WhiteElo "1543"]
[BlackElo "1462"]
[TimeControl "2700+45"]

1. e4 c5 2. c3 g6 3. d4 cxd4 4. cxd4 Bg7 5. Nf3 e6 6. Nc3 b6 7. Be2 Bb7 8. Be3
Nf6 9. e5 Nd5 10. Nxd5 Bxd5 11. O-O O-O 12. Qd2 Nc6 13. a3 Na5 14. Qb4 Rc8 15.
Bg5 f6 16. exf6 Bxf6 17. Bxf6 Qxf6 18. Ne5 Qg5 19. g3 Nc6 20. Nxc6 Rxc6 21. Rfe1
Qf5 22. Rf1 Qe4 23. f3 Qxe2 24. Rae1 Qd3 25. Qe7 {White resigns} 0-1

[Event "Team 45 45 League T28"]
[Site "Internet Chess Club"]
[Date "2005.09.25"]
[Round "2"]
[White "houseofcook"]
[Black "GadsHill"]
[Result "0-1"]
[WhiteElo "1326"]
[BlackElo "1601"]
[TimeControl "2700+45"]

1. e4 d6 2. d4 Nf6 3. Nc3 Nbd7 4. Nf3 e5 5. Bc4 Be7 6. O-O O-O 7. Be3 c6 8. Bb3
b5 9. a3 Bb7 10. dxe5 dxe5 11. Qc1 Qc7 12. Rd1 a6 13. Nd2 c5 14. Kh1 c4 15. Ba2
Bc5 16. Re1 Ng4 17. Re2 Rad8 18. h3 Nxe3 19. fxe3 f5 20. Nd5 Bxd5 21. exd5 Nf6
22. b4 Bb6 23. c3 Nxd5 24. Nf3 Nf6 25. Bb1 Nh5 26. Qe1 e4 27. Rd2 exf3 28. Rxd8
fxg2+ 29. Kg1 Qxd8 30. Qf2 Qg5 31. Qxg2 Qxg2+ 32. Kxg2 Bxe3 33. Bc2 Bd2 34. Kf2
Bxc3 35. Rd1 Rf6 36. Rd5 g6 37. Rd8+ Kg7 38. Rd7+ Kh6 39. Rd3 Be5 40. Re3 Bf4
41. Rc3 Rd6 {White resigns} 0-1